Match 24986174
Unlisted

Match 24986174
End
Construct Section Command Post
Infantry Section
Infantry Section
Dingo Light Scout Car
Grenade Package
Construct Platoon Command Post
Unlock M3 Stuart Light Tanks
Selects Indian Artillery Battlegroup
Selects Towed ML 4.2-inch Heavy Mortar
Towed ML 4.2-inch Heavy Mortar
M3 Stuart Light Tank
Construct Company Command Post
Foot Guards Section
Selects Off-map Airburst Barrage
Matilda II Heavy Tank
Off-map Airburst Barrage
Matilda II Heavy Tank
SneaKerz
mustapha_raja123
abs59il
gb_gbg
The Iron Duck
Alpha_0XVII
Honey Dick
mar14n
0
0

Comments sign in to comment!

No comments posted yet!